 Dungeon Crawl Stone Soup version 0.29.1-2-gbd0b4ee654 (webtiles) character file.

Game seed: 5527289292218042385

291 GorkyZ the Shield-Bearer (level 6, -4/49 HPs)
             Began as a Formicid Fighter on Nov 20, 2022.
             Slain by a gnoll
             ... wielding a +0 whip
             ... led by a gnoll bouda
              (7 damage)
             ... on level 3 of the Dungeon.
             The game lasted 00:06:11 (3932 turns).

GorkyZ the Shield-Bearer (Formicid Fighter)         Turns: 3932, Time: 00:06:12

Health: -4/49      AC:  7    Str: 22    XL:     6   Next: 59%
Magic:  6/6        EV:  9    Int:  8    God:
Gold:   75         SH:  5    Dex: 13    Spells: 5/5 levels left

rFire   . . .      SeeInvis +   a - +0 war axe
rCold   . . .      Faith    .   c - +0 buckler
rNeg    . . .      Spirit   .   b - +0 scale mail
rPois   .          Reflect  .   (helmet unavailable)
rElec   .          Harm     .   (no cloak)
rCorr   .          Rampage  .   (no gloves)
Will    .....                   (no boots)
Stlth   ..........              (no amulet)
HPRegen 0.16/turn               (no ring)
MPRegen 0.10/turn               (no ring)

@: no status effects
A: permanent stasis, dig shafts and tunnels, antennae 3, four strong arms
a: Dig, Shaft Self


You were on level 3 of the Dungeon.
You visited 1 branch of the dungeon, and saw 4 of its levels.

You collected 75 gold pieces.

Inventory:

Hand Weapons
 a - a +0 war axe (weapon)
Missiles
 n - 2 boomerangs (quivered)
Armour
 b - a +0 scale mail (worn)
 c - a +0 buckler (worn)
Scrolls
 e - 5 scrolls of identify {unknown}
 j - 2 scrolls of silence {unknown}
 m - a scroll of butterflies {unknown}
 p - 2 scrolls of teleportation {unknown}
 q - a scroll of blinking {unknown}
Potions
 d - 2 potions of might
 f - 2 potions of curing {unknown}
 g - a potion of mutation {unknown}
 h - a potion of resistance {unknown}
 i - 2 potions of haste {unknown}
 k - a potion of attraction {unknown}
 l - a potion of invisibility {unknown}
 o - a potion of heal wounds {unknown}


   Skills:
 + Level 4.3 Fighting
 + Level 3.1 Axes
 + Level 2.0 Throwing
 + Level 4.3 Armour
 + Level 5.1 Shields
 + Level 2.3 Evocations


You had 5 spell levels left.
You didn't know any spells.
Your spell library contained the following spells:

 Spells                   Type           Power      Damage    Failure   Level
 Sandblast                Erth           0%         2d4       80%         1
 Passwall                 Tmut/Erth      0%         N/A       90%         2
 Stone Arrow              Conj/Erth      0%         3d7       99%         3


Dungeon Overview and Level Annotations

Branches:
Dungeon (4/15)
 Temple: D:4-7

Altars:
Dithmenos


Innate Abilities, Weirdness & Mutations

You cannot be hasted, slowed, berserked, paralysed or teleported.
You can dig through walls and to a lower floor.
You have a pair of large antennae on your head. (SInv)
Your four strong arms can wield two-handed weapons with a shield.


Message History

The gnoll barely misses you. x2
The gnoll hits you from afar with a +0 spear.
The gnoll bouda barely misses you.
You climb upwards.
There is a stone staircase leading down here.
You are too injured to fight recklessly!
You are too injured to fight recklessly!
You are too injured to fight recklessly!
Unknown command.
You barely miss the gnoll bouda. You closely miss the gnoll.
You slash the gnoll!
You kill the gnoll!
The gnoll hits you with a +0 whip.
The gnoll bouda hits you but does no damage.
The gnoll hits you with a +0 whip.
You hit the gnoll bouda.
The gnoll bouda is moderately wounded.
You closely miss the gnoll.
The gnoll bouda hits you with a +0 club.
The gnoll hits you but does no damage.
You closely miss the gnoll bouda.
The gnoll bouda is moderately wounded.
You hit the gnoll.
The gnoll bouda hits you with a +0 club.
* * * LOW HITPOINT WARNING * * *
The gnoll barely misses you.
The gnoll bouda hits you with a +0 club.
* * * LOW HITPOINT WARNING * * *
The gnoll hits you with a +0 whip.
* * * LOW HITPOINT WARNING * * *
You closely miss the gnoll bouda.
The gnoll bouda is moderately wounded.
You closely miss the gnoll.
The gnoll bouda hits you but does no damage.
The gnoll misses you.
You hit the gnoll bouda but do no damage.
The gnoll bouda is moderately wounded.
You slash the gnoll! The gnoll bouda closely misses you.
The gnoll hits you with a +0 whip!
You die...

####.# ##....# #....#
##.#.# #.#### #.#.#
##.## #########.#.#
##...###...........#
##.....##.###.##....#
##.......#.# #.#.....#
#.....g....# #.##....##
#....g@....###.##......
#.....)........##.#####
##.......#.######.#
##.....##.######.#
##...###........# #####
##########


You could see a gnoll bouda and a gnoll (swift).

Vanquished Creatures
  A scorpion (D:2)
  A gnoll sergeant (D:2)
  6 gnolls
  5 adders
  5 worms
  2 dart slugs
  6 bats
  3 endoplasms (D:1)
  4 giant cockroaches
  5 hobgoblins
  7 kobolds
  2 quokkas
  A ball python (D:3)
  4 frilled lizards
  4 goblins
  A rat (D:3)
57 creatures vanquished.

Notes
Turn   | Place    | Note
-------+----------+-------------------------------------------
     0 | D:1      | GorkyZ the Formicid Fighter began the quest for the Orb.
     0 | D:1      | Reached XP level 1. HP: 18/18 MP: 1/1
   338 | D:1      | Reached XP level 2. HP: 16/24 MP: 2/2
   669 | D:1      | Reached skill level 1 in Evocations
   908 | D:1      | Reached XP level 3. HP: 29/29 MP: 3/3
   924 | D:2      | Found a faded altar of an unknown god.
  1320 | D:2      | Found a shadowy altar of Dithmenos.
  1943 | D:2      | Reached skill level 1 in Throwing
  1954 | D:2      | Noticed a scorpion
  1963 | D:2      | Killed a scorpion
  1964 | D:2      | Reached XP level 4. HP: 31/37 MP: 4/4
  1964 | D:2      | Reached XP level 5. HP: 35/42 MP: 5/5
  2144 | D:3      | HP: 2/42 [gnoll sergeant/+0 spear (9)]
  2438 | D:2      | Reached XP level 6. HP: 6/48 MP: 6/6
  2712 | D:3      | Reached skill level 5 in Shields
  3932 | D:3      | Slain by a gnoll

Illustrated notes

Levels and vault maps discovered:
D:1:      ncdulo_lavacross, layout_loops_cross, minmay_indecisive_spiral
D:2:      layout_loops_corners, basic_altar, chequers_ecumenical_altar_simple,
          minmay_split_cup_large
D:3:      layout_loops_corners, minivault_19
D:4:      layout_rooms, st_stairs_10

Skill      XL: |  1  2  3  4  5  6 |
---------------+-------------------+-----
Evocations     | 1 2 |  2.3
Throwing       | 1 2 |  2.0
Fighting       | 4 |  4.3
Armour         | 4 |  4.3
Axes           | 3 |  3.1
Shields        | 5 |  5.1

Action                   |  1- 3 |  4- 6 || total
-------------------------+-------+-------++-------
Melee: War axe           |    93 |   117 ||   210
Armor: Scale mail        |    41 |    71 ||   112
Dodge: Dodged            |    45 |    61 ||   106
Block: Buckler           |    17 |    38 ||    55
